 Dungeon Crawl Stone Soup version 0.31-a0-167-g1c394c0614 (webtiles) character file.

Game seed: 11279333191863184179

5892 mandarbmax the Covert (level 11, -11/64 HPs)
             Began as a Kobold Brigand on June 14, 2023.
             Was an Elder of Dithmenos.
             Mangled by an orc warrior
             ... wielding a +0 halberd
              (17 damage)
             ... on level 9 of the Dungeon.
             The game lasted 00:18:53 (10286 turns).

mandarbmax the Covert (Kobold Brigand)             Turns: 10286, Time: 00:18:53

Health: -11/64     AC:  7    Str:  8    XL:     11   Next: 8%
Magic:  11/11      EV: 22    Int: 14    God:    Dithmenos [****..]
Gold:   247        SH:  0    Dex: 22    Spells: 10/10 levels left

rFire   . . .        H - +0 dagger (drain)
rCold   + . .        a - orb {mayhem}
rNeg    . . .        B - +2 robe {rC+}
rPois   .            (no helmet)
rElec   .            c - +0 cloak
rCorr   .            x - +1 pair of gloves
SInv    .            (no boots)
Will    .....        (no amulet)
Stlth   +++++++++    h - +2 ring of dexterity
HPRegen 0.30/turn    K - +2 ring of evasion
MPRegen 0.12/turn

%: mayhem
@: about to teleport, wreathed by umbra
A: small, no large weapons, nightstalker 3
a: Renounce Religion, Shadow Step


You were on level 9 of the Dungeon.
You worshipped Dithmenos.
Dithmenos was greatly pleased with you.
You visited 2 branches of the dungeon, and saw 10 of its levels.
You also visited: Sewer.

You collected 477 gold pieces.
You spent 230 gold pieces at shops.

Inventory:

Hand Weapons
 H - a +0 dagger of draining (weapon)
 J - a +2 short sword of holy wrath
Missiles
 b - a throwing net
 d - 60 poisoned darts (quivered)
 e - 5 curare-tipped darts
 n - 8 boomerangs
Armour
 a - an orb of mayhem (worn)
 c - a +0 cloak (worn)
 f - a +0 kite shield
 x - a +1 pair of gloves (worn)
 B - a +2 robe of cold resistance (worn)
Jewellery
 h - a +2 ring of dexterity (left hand)
 j - a ring of ice
 m - a ring of protection from fire
 q - a ring of resist corrosion
 K - a +2 ring of evasion (right hand)
Wands
 v - a wand of flame (16)
 D - a wand of mindburst (13)
 G - a wand of paralysis (10)
 I - a wand of roots (9)
Scrolls
 k - a scroll of vulnerability
 p - 2 scrolls of blinking
 r - a scroll of silence
 s - 2 scrolls of poison
 t - a scroll of torment
 u - a scroll of revelation {unknown}
 w - a scroll of brand weapon {unknown}
 y - a scroll of teleportation
 F - 3 scrolls of fog
 M - a scroll of immolation {unknown}
Potions
 g - a potion of might
 i - 2 potions of attraction
 l - a potion of magic
 o - 4 potions of mutation
 z - 2 potions of heal wounds
 A - a potion of ambrosia
 C - 2 potions of curing
 E - a potion of cancellation {unknown}


   Skills:
 + Level 5.9 Fighting
 - Level 11.1 Short Blades
 - Level 2.1 Throwing
 * Level 7.0 Dodging
 + Level 12.1 Stealth
 - Level 5.0 Shields
 - Level 6.0 Evocations


You had 10 spell levels left.
You didn't know any spells.
Your spell library contained the following spells:

 Spells                   Type           Power      Damage    Failure   Level
 Apportation              Tloc           0%         N/A       28%         1
 Magic Dart               Conj           0%         1d3       28%         1
 Necrotise                Necr           0%         1d4       28%         1
 Summon Small Mammal      Summ           0%         N/A       28%         1
 Blink                    Tloc           0%         N/A       41%         2
 Lesser Beckoning         Tloc           0%         N/A       41%         2
 Momentum Strike          Conj/Tloc      0%         3d8       41%         2
 Poisonous Vapours        Pois/Air       0%         N/A       41%         2
 Searing Ray              Conj           0%         2d4       41%         2
 Mephitic Cloud           Conj/Pois/Air  0%         N/A       65%         3
 Fulminant Prism          Conj/Hex       0%         3d5       96%         4
 Freezing Cloud           Conj/Ice/Air   0%         6-21      100%        5


Dungeon Overview and Level Annotations

Branches:
Dungeon (9/15)             Temple (1/1) D:4           Sewer (visited)
   Lair: D:8-11         Orc: D:9-12

Altars:
Ashenzari
Cheibriados
Dithmenos
Fedhas
Gozag
Kikubaaqudgha
Nemelex Xobeh
Okawaru
Qazlal
Ru
Uskayaw
Vehumet
Yredelemnul
Zin
The Shining One

Shops:
D:3 *   D:7 =   D:8 *


Innate Abilities, Weirdness & Mutations

You are small and have problems with some larger weapons.
You are completely attuned to the shadows.


Message History

You hit the hornet.
The hornet is severely wounded.
The orc warrior misses you. The hornet closely misses you.
You closely miss the hornet.
The hornet is severely wounded.
You hit the hornet but do no damage.
The hornet is severely wounded.
Your shadow hits the hornet but does no damage.
The hornet misses you. The orc warrior closely misses you.
You hit the hornet but do no damage.
The hornet is severely wounded.
Your shadow hits the hornet but does no damage.
The hornet stings you but does no damage.
You hit the hornet but do no damage.
The hornet is severely wounded.
The orc warrior completely misses you. The hornet completely misses you.
You barely miss the hornet.
The hornet is severely wounded.
You hit the hornet. You drain the hornet.
The hornet is almost dead.
The hornet barely misses you. The orc warrior barely misses you.
You hit the hornet but do no damage.
The hornet is almost dead.
The hornet stings you.
You feel yourself slow down.
You hit the hornet. You drain the hornet.
The hornet is almost dead.
The orc warrior hits you from afar with a +0 halberd!
The hornet stings you but does no damage.
You closely miss the hornet.
The hornet is almost dead.
You feel yourself speed up. The hornet stings you.
You feel yourself slow down.
The orc warrior hits you from afar with a +0 halberd!
* * * LOW HITPOINT WARNING * * *
As you read the scroll of teleportation, it crumbles to dust.
You feel strangely unstable.
You feel yourself speed up. The hornet misses you.
The orc warrior hits you from afar with a +0 halberd!
You die...

.. #.# #..###
#...####
..###....###
#{oy@..)....
..###....####
##...####..#
#..###...###
#.###.##
###..#######
..#..#
##>......#
#.#.##
##......#
#.#.#
#......#
#...#
#......#


You could see a hornet (very drained) and an orc warrior.

Vanquished Creatures
  A two-headed ogre (D:8)
  Grinder (D:3)
  A wraith (D:9)
  2 steam dragons (D:8)
  An acid dragon (D:4)
  2 water moccasins
  2 orc warriors
  An ice beast (D:7)
  3 black bears
  A sky beast (D:7)
  5 ogres
  9 kobold brigands
  A phantom (D:5)
  4 bullfrogs
  Blork the orc (D:5)
  A gnoll sergeant (D:5)
  4 scorpions
  12 wights
  3 killer bees (D:7)
  7 howler monkeys
  2 lava snakes (D:7)
  3 orc priests
  3 jellies
  5 hounds
  2 sleepcaps (D:6)
  3 orc wizards
  3 iguanas
  Terence (D:3)
  4 gnolls (D:3)
  14 adders
  2 river rats (Sewer)
  A shadow imp (D:5)
  2 white imps (D:5)
  2 ufetubi (D:6)
  6 worms
  The ghost of Serulin the Sneak, a weakling GrDe (D:4)
  15 orcs
  6 bats
  11 endoplasms
  5 giant cockroaches
  7 hobgoblins
  7 jackals
  12 quokkas
  10 ball pythons
  2 frilled lizards (D:2)
  3 goblins
  20 kobolds
  13 rats
227 creatures vanquished.

Notes
Turn   | Place    | Note
-------+----------+-------------------------------------------
     0 | D:1      | mandarbmax the Kobold Brigand began the quest for the Orb.
     0 | D:1      | Reached XP level 1. HP: 12/12 MP: 1/1
   120 | D:1      | Reached XP level 2. HP: 10/17 MP: 2/2
   588 | D:1      | Reached XP level 3. HP: 21/21 MP: 3/3
   830 | D:1      | You fall into a shaft and drop 1 floor!
  1072 | D:2      | Reached XP level 4. HP: 26/26 MP: 4/4
  1653 | D:3      | Reached skill level 5 in Short Blades
  1653 | D:3      | Reached skill level 6 in Stealth
  1678 | D:3      | Noticed Terence
  1682 | D:3      | Killed Terence
  1683 | D:3      | Reached XP level 5. HP: 30/30 MP: 5/5
  1705 | D:3      | Noticed Grinder
  1710 | D:3      | Killed Grinder
  1711 | D:3      | Reached skill level 7 in Stealth
  1711 | D:3      | Reached XP level 6. HP: 35/35 MP: 6/6
  2061 | D:3      | Found Hoxiex's Assorted Antiques.
  2066 | D:3      | Bought a scroll labelled WOHEN CAEGISE for 33 gold pieces
  2066 | D:3      | Bought a bubbling clear potion for 29 gold pieces
  2066 | D:3      | Bought a scroll labelled YSEAPHENWE for 33 gold pieces
  2270 | D:4      | Found a staircase to the Ecumenical Temple.
  2276 | Temple   | Entered the Ecumenical Temple
  2698 | Temple   | Became a worshipper of Dithmenos the Shadowed
  2743 | D:4      | Noticed an ogre
  2747 | D:4      | Killed an ogre
  2748 | D:4      | Reached XP level 7. HP: 40/40 MP: 7/7
  2908 | D:4      | Reached skill level 8 in Stealth
  3169 | D:4      | Found a sparkling altar of Nemelex Xobeh.
  3231 | D:4      | Found a runed translucent door.
  3254 | D:4      | Noticed Serulin's ghost (weakling GrDe)
  3260 | D:4      | Killed Serulin's ghost
  3387 | D:4      | Noticed an acid dragon
  3390 | D:4      | Killed an acid dragon
  3391 | D:4      | Reached XP level 8. HP: 44/44 MP: 8/8
  4339 | D:5      | Entered Level 5 of the Dungeon
  4547 | D:5      | Reached skill level 1 in Evocations
  4553 | D:5      | Reached skill level 9 in Stealth
  4557 | D:5      | Reached * piety under Dithmenos
  4571 | D:5      | Reached skill level 1 in Shields
  4630 | D:5      | Reached skill level 10 in Short Blades
  4906 | D:5      | Noticed Blork the orc
  4909 | D:5      | Killed Blork the orc
  5086 | D:5      | Reached XP level 9. HP: 48/48 MP: 9/9
  5673 | D:6      | Found a glowing drain.
  5710 | Sewer    | Entered a sewer
  5930 | Sewer    | Reached ** piety under Dithmenos
  5958 | Sewer    | Reached skill level 5 in Evocations
  6051 | Sewer    | Reached skill level 10 in Stealth
  6807 | D:6      | Identified the +4 quarterstaff "Cyseejig" {pain, rPois rF++
                  | Str-5 SInv}
  7806 | D:7      | Reached XP level 10. HP: 56/56 MP: 10/10
  7823 | D:7      | Reached *** piety under Dithmenos
  7997 | D:7      | Found Yczey's One-of-a-Kind Rings.
  8007 | D:7      | Bought a +2 ring of dexterity for 45 gold pieces
  8007 | D:7      | Bought a +2 ring of evasion for 90 gold pieces
  8128 | D:7      | Reached skill level 5 in Shields
  8223 | D:7      | Reached skill level 11 in Stealth
  8951 | D:7      | Found a hide-covered altar of Uskayaw.
  9151 | D:8      | Found a broken altar of Ashenzari.
  9207 | D:8      | Reached skill level 5 in Fighting
  9236 | D:8      | Reached skill level 5 in Dodging
  9356 | D:8      | Reached **** piety under Dithmenos
  9373 | D:8      | Noticed a two-headed ogre
  9377 | D:8      | Killed a two-headed ogre
  9532 | D:8      | Reached skill level 12 in Stealth
  9532 | D:8      | Reached XP level 11. HP: 64/64 MP: 11/11
  9844 | D:8      | Found Musequrch's Changing Room.
 10249 | D:9      | Identified the +11 morningstar of Hubris {freeze, Str-3
                  | Int+5 Dex+5}
 10286 | D:9      | Mangled by an orc warrior

Illustrated notes

Levels and vault maps discovered:
D:1:      nicolae_arrival_memento_mori, layout_loops_ring,
          minmay_misc_feat_rows, minmay_misc_feat_rugged, serial_bayou_lagoon_b
D:2:      layout_basic, kennysheep_generic_room_16
D:3:      layout_basic, serial_shops, shop, nicolae_kite_square_tiling_tiny,
          uniq_grinder, uniq_terence
D:4:      layout_cave_pods, kennysheep_mini_moat,
          minmay_temple_entry_steel_oval, ebering_ghost_sewer_d,
          dk_noncrumbling_4
D:5:      minmay_chambers_of_fours, layout_loops_ring, uniq_blork_the_orc
D:6:      layout_basic, portal_sewer_entry_f, kennysheep_generic_room_7
D:7:      layout_basic, nicolae_uskayaw_suspiria, serial_co_window_serial,
          co_window_of_opportunity_a, co_window_paths_a, co_window_corner_a,
          co_window_paths_a, co_window_corner_a, co_window_broadway_a,
          co_window_broadway_c, co_window_unsneaky_path_d, co_window_4corner_b,
          glass_columns_b, glass_columns_a, nicolae_shop_unique_rings,
          st_stairs_1
D:8:      layout_loops_ring, nicolae_ashenzari_panopticon,
          nicolae_transmutations_shop
D:9:      minmay_general_purpose_star, layout_rooms
Temple:   hc_temple_tempest_star

Skill      XL: |  1  2  3  4  5  6  7  8  9 10 11 |
---------------+----------------------------------+-----
Short Blades   | 3 4 5 7 9 10 11 | 11.1
Dodging        | 2 6 7 |  7.0
Stealth        | 6 7 8 9 10 12 | 12.1
Evocations     | 3 6 |  6.0
Shields        | 2 4 5 |  5.0
Fighting       | 3 5 |  5.9
Throwing       | |  2.1

Action                     |  1- 3 |  4- 6 |  7- 9 | 10-12 || total
---------------------------+-------+-------+-------+-------++-------
  Melee: Dagger            |    69 |    61 |   484 |   213 ||   827
         Short sword       |       |       |       |    31 ||    31
  Throw: Dart              |       |       |     2 |       ||     2
  Evoke: Wand              |       |       |     2 |     1 ||     3
    Use: Scroll            |       |     5 |     8 |     5 ||    18
         Potion            |       |       |     3 |     1 ||     4
   Stab: Sleeping          |    21 |    15 |    58 |    22 ||   116
         Distracted        |       |     1 |     4 |     2 ||     7
 Armour: Robe              |     8 |     4 |    62 |    21 ||    95
         Skin              |       |       |       |    14 ||    14
  Dodge: Dodged            |    24 |    11 |   146 |    76 ||   257
  Block: Kite shield       |    15 |    13 |   127 |    91 ||   246

Table legend: (Time is in decaauts)
 A = Elapsed time spent in this place.
 B = Non-inter-level travel time spent in this place.
 C = Inter-level travel time spent in this place.
 D = Time resting spent in this place.
 E = Time spent auto-exploring this place.
 F = Levels seen in this place.
 G = Mean time per level.
                   A        B        C        D        E       F      G
               +--------+--------+--------+--------+--------+-----+--------+
         Total |  10384 |   9782 |    602 |    328 |   7485 |  11 |  944.0 |
       Dungeon |   8724 |   8175 |    549 |    328 |   6246 |   9 |  969.3 |
        Temple |    439 |    386 |     53 |      0 |    372 |   1 |  439.0 |
         Sewer |   1221 |   1221 |      0 |      0 |    866 |   1 | 1221.0 |
               +--------+--------+--------+--------+--------+-----+--------+

Top non-repeatable levels by time:
     D:7: 1457 daAuts
     D:4: 1379 daAuts
   Sewer: 1221 daAuts
     D:3: 1165 daAuts
     D:5: 1073 daAuts
     D:6: 894 daAuts
     D:2: 888 daAuts
     D:1: 887 daAuts
     D:8: 852 daAuts
  Temple: 439 daAuts
     D:9: 126 daAuts
